 Dungeon Crawl Stone Soup version 0.28-a0-863-g8cecda6153 (webtiles) character file.

Game seed: 12313116718143640108

4 horus123 the Skirmisher (level 1, -1/18 HPs)
             Began as a Demonspawn Abyssal Knight on Nov 19, 2021.
             Was an Initiate of Lugonu.
             Slain by a hobgoblin (2 damage)
             ... on level 1 of the Dungeon.
             The game lasted 00:00:27 (261 turns).

horus123 the Skirmisher (Demonspawn Abyssal Knight)  Turns: 261, Time: 00:00:28

Health: -1/18      AC:  3    Str: 13    XL:     1   Next: 58%
Magic:  2/2        EV: 11    Int: 11    God:    Lugonu [......]
Gold:   8          SH:  0    Dex: 13    Spells: 0/0 levels left

rFire   . . .      SeeInvis .   a - +1 mace
rCold   . . .      Faith    .   (no shield)
rNeg    . . .      Spirit   .   b - +0 leather armour
rPois   .          Reflect  .   (no helmet)
rElec   .          Harm     .   (no cloak)
rCorr   .          Rampage  .   (no gloves)
Will    .....                   (no boots)
Stlth   +.........              (no amulet)
HPRegen 0.06/turn               (no ring)
MPRegen 0.08/turn               (no ring)

@: no status effects
A: no striking features
a: Renounce Religion


You were on level 1 of the Dungeon.
You worshipped Lugonu.
Lugonu was noncommittal.
You visited 1 branch of the dungeon, and saw 1 of its levels.
You visited the Abyss 1 time.

You collected 8 gold pieces.

Inventory:

Hand Weapons
 a - a +1 mace (weapon)
Armour
 b - a +0 leather armour (worn)
Potions
 c - a potion of brilliance {unknown}


   Skills:
 + Level 3.2 Fighting
 + Level 1.8 Maces & Flails
 + Level 1.8 Armour
 + Level 0.9 Dodging
 + Level 2.4 Invocations


You couldn't memorise any spells.
You didn't know any spells.
Your spell library was empty.

Dungeon Overview and Level Annotations

Branches:
Dungeon (1/15)

Altars:


Message History

You are too injured to fight recklessly!
You are too injured to fight recklessly!
You are too injured to fight recklessly!
You are too injured to fight recklessly!
You are too injured to fight recklessly!
You are too injured to fight recklessly!
You are too injured to fight recklessly!
You are too injured to fight recklessly!
You are too injured to fight recklessly!
You are too injured to fight recklessly!
You closely miss the bat. The bat hits you but does no damage.
The bat barely misses you. The bat hits you but does no damage.
You closely miss the bat. The bat barely misses you. The bat hits you.
You sock the goblin!
You kill the goblin!
Lugonu accepts your kill. The bat closely misses you.
You miss the bat. The bat hits you.
* * * LOW HITPOINT WARNING * * *
The kobold barely misses you. The kobold hits you with a +0 whip.
* * * LOW HITPOINT WARNING * * *
You hit the kobold.
You kill the kobold!
Lugonu accepts your kill. The bat hits you but does no damage.
You hit the hobgoblin.
The hobgoblin is heavily wounded.
The bat hits you but does no damage.
The hobgoblin hits you but does no damage.
You hit the hobgoblin.
The hobgoblin is severely wounded.
The bat hits you but does no damage. The hobgoblin barely misses you.
The bat misses you.
Unknown command.
You closely miss the hobgoblin.
The hobgoblin is severely wounded.
The bat hits you but does no damage. x2; The hobgoblin hits you.
* * * LOW HITPOINT WARNING * * *
The hobgoblin hits you.
You die...

.......# ...?..#
......# ...≈≈ #..≈####
..b#<.####### #.##
#.≈#..'.....+ ##...#
#@≈##'###+###
.....####g≈≈#.#....
.###.#......≈≈#.#..#
.......####.≈≈#.#..#
........###...'.'.8#
......#..##)≈≈#.#..#
........K...≈≈#.#..#
............≈≈#.#....
...(..##....≈##+###+##


You could see a hobgoblin and a bat.

Vanquished Creatures
  A goblin (D:1)
  2 kobolds (D:1)
  A ball python (D:1)
4 creatures vanquished.

Notes
Turn   | Place    | Note
-------+----------+-------------------------------------------
     0 | Abyss:1  | horus123 the Demonspawn Abyssal Knight began the quest for
                  | the Orb.
     0 | Abyss:1  | Reached XP level 1. HP: 18/18 MP: 2/2
    42 | Abyss:1  | Noticed a raiju
    42 | Abyss:1  | Noticed a hellion
    44 | D:1      | Escaped the Abyss
   261 | D:1      | Slain by a hobgoblin

Illustrated notes

Levels and vault maps discovered:
D:1:      heliophobic_arrival_glass_houses, layout_rooms,
          shapermc_ecumenical_altar_totnotflames

Action                   || total
-------------------------++-------
Melee: Mace              ||    15
Invok: Depart the Abyss  ||     1
Armor: Leather armour    ||    13
Dodge: Dodged            ||    21

Table legend: (Time is in decaauts)
 A = Elapsed time spent in this place.
 B = Non-inter-level travel time spent in this place.
 C = Inter-level travel time spent in this place.
 D = Time resting spent in this place.
 E = Time spent auto-exploring this place.
 F = Levels seen in this place.
 G = Mean time per level.
                   A        B        C        D        E       F      G
               +--------+--------+--------+--------+--------+-----+--------+
         Total |    266 |    266 |      0 |      0 |    226 |   2 |  133.0 |
       Dungeon |    220 |    220 |      0 |      0 |    185 |   1 |  220.0 |
         Abyss |     45 |     45 |      0 |      0 |     41 |   1 |   45.0 |
               +--------+--------+--------+--------+--------+-----+--------+

Top non-repeatable levels by time:
     D:1: 220 daAuts
 Abyss:1: 45 daAuts
